Map: Blackpink LE

Players

JimRising

  • Race: Zerg Zerg
  • League: Grandmaster
  • Spawn Location: 7:00

Vindicta - Winner!

  • Race: Terran Terran
  • League: Grandmaster
  • Spawn Location: 1:00

VOD

Have the link to the VOD?

Description

Jimrising ZvT

Time

  • Played on: Dec. 13, 2017, 11:54 p.m.
  • Length: 16:31
Show
View Real Time Build Order
Export as new Build Order

JimRising Zerg 

Build Orders: Hatch First 

Get SALT Encoding   

  12  0:01  Drone  
  13  0:12  Overlord  
  13  0:20  Drone  
  14  0:30  Drone  
  14  0:33  Drone  
  14  0:35  Drone  
  17  0:53  Hatchery  
  16  1:02  Drone x2  
  18  1:07  Extractor  
  17  1:15  Spawning Pool  
  16  1:20  Drone  
  16  1:23  Drone  
  18  1:30  Drone  
  19  1:42  Overlord  
  19  1:49  Drone  
  20  2:00  Drone  
  21  2:02  Queen  
  21  2:04  Queen  
  21  2:05  Zergling x2  
  26  2:11  Zergling x2  
  26  2:15  Metabolic Boost  
  27  2:21  Drone  
  28  2:23  Drone  
  28  2:26  Drone  
  30  2:35  Drone  
  30  2:37  Drone  
  32  2:42  Queen  
  33  2:46  Queen  
  33  2:51  Overlord  
  35  2:56  Overlord  
  35  3:10  Drone x2  
  35  3:11  Drone  
  35  3:12  Drone x3  
  41  3:15  Drone x3  
  41  3:18  Drone  
  45  3:37  Spore Crawler  
  45  3:38  Zergling x8  
  48  3:43  Hatchery  
  48  3:44  Drone  
  48  3:45  Drone  
  47  3:50  Drone  
  47  4:03  Drone  
  47  4:04  Drone x4  
  52  4:22  Overlord x2  
  52  4:26  Lair  
  52  4:29  Overlord x2  
  52  4:31  Evolution Chamber  
  51  4:32  Evolution Chamber, Queen  
  52  4:47  Drone  
  52  4:48  Drone x6  
  52  4:50  Drone  
  60  4:56  Drone x2  
  60  4:58  Baneling Nest, Zerg Ground Armor Level 1  
  61  5:00  Extractor, Zerg Melee Weapons Level 1  
  60  5:09  Spine Crawler  
  60  5:11  Drone x3  
  60  5:13  Extractor, Drone x2  
  63  5:15  Overlord  
  63  5:22  Zergling x4  
  63  5:23  Zergling x4  
  67  5:32  Drone x2, Overlord  
  67  5:33  Overseer  
  69  5:36  Zergling x12  
  69  5:42  Baneling  
  75  5:43  Baneling x3  
  75  5:44  Zergling x8  
  75  5:47  Baneling x2  
  79  5:55  Zergling x8  
  79  5:56  Baneling  
  83  5:57  Baneling  
  74  6:15  Zergling x10  
  74  6:16  Zergling x12  
  72  6:19  Overseer  
  72  6:20  Zergling x2  
  72  6:23  Drone  
  72  6:26  Extractor x2  
  72  6:27  Extractor  
  72  6:30  Zergling x4  
  72  6:31  Drone  
  72  6:32  Drone x2  
  74  6:44  Hatchery  
  68  6:54  Zergling x22  
  63  6:55  Zergling x2  
  63  6:57  Drone  
  63  6:58  Spire  
  63  7:00  Zergling x6  
  75  7:03  Baneling x4  
  75  7:04  Drone x2  
  77  7:11  Drone  
  77  7:15  Drone  
  77  7:16  Drone  
  77  7:20  Drone  
  80  7:23  Drone x3  
  80  7:25  Drone x2  
  85  7:40  Drone x2  
  85  7:41  Drone, Overlord  
  85  7:42  Overlord x3  
  88  7:47  Overlord  
  88  7:52  Overlord x2  
  88  7:53  Spine Crawler  
  88  7:54  Spine Crawler  
  79  8:10  Mutalisk x9  
  79  8:11  Hydralisk Den  
  79  8:12  Mutalisk  
  93  8:15  Mutalisk  
  93  8:17  Zergling x4  
  95  8:23  Zergling x8  
  99  8:33  Zergling x6  
  99  8:34  Zergling x10  
  106  8:35  Drone  
  106  8:36  Drone  
  106  8:37  Drone  
  106  8:40  Baneling  
  106  8:41  Drone, Baneling x3  
  110  8:45  Drone  
  110  8:47  Drone  
  113  8:49  Hydralisk Den, Zerg Missile Weapons Level 1  
  113  8:55  Zergling x6  
  115  8:56  Baneling x5  
  115  8:57  Baneling  
  115  9:00  Muscular Augments  
  117  9:02  Drone  
  117  9:03  Drone x2  
  117  9:09  Hydralisk x2  
  119  9:10  Hydralisk  
  125  9:27  Hydralisk x8  
  139  9:35  Hydralisk  
  139  9:36  Hydralisk  
  139  9:37  Overlord x2  
  139  9:38  Drone  
  144  9:51  Hydralisk  
  144  9:52  Overlord x2  
  143  10:05  Hydralisk x3  
  143  10:06  Hydralisk x2  
  152  10:07  Baneling  
  152  10:08  Baneling x11  
  152  10:12  Hatchery  
  151  10:18  Zerg Melee Weapons Level 2  
  151  10:23  Drone  
  151  10:24  Drone x2  
  151  10:26  Extractor  
  151  10:27  Extractor  
  152  10:33  Zergling x2  
  152  10:34  Zergling x10  
  152  10:35  Baneling x3  
  158  10:36  Baneling x9  
  158  10:37  Overlord x2  
  158  10:44  Hydralisk x4  
  166  11:03  Drone x5  
  166  11:04  Drone x4  
  172  11:08  Infestation Pit  
  172  11:10  Hydralisk x2  
  178  11:15  Hydralisk x3  
  182  11:19  Hydralisk  
  182  11:21  Overlord x3  
  179  11:31  Hydralisk  
  179  11:32  Hydralisk x3  
  180  11:43  Hydralisk  
  180  11:44  Zergling x2  
  180  11:45  Zergling x30  
  194  11:47  Centrifical Hooks  
  171  12:06  Hydralisk  
  171  12:07  Hydralisk x6  
  171  12:08  Hydralisk x4  
  181  12:10  Zergling x2  
  188  12:15  Zerg Ground Armor Level 2  
  188  12:27  Baneling  
  188  12:28  Baneling x4  
  188  12:31  Hydralisk x6  
  188  12:36  Drone x6  
  199  12:37  Drone  
  199  12:44  Hive  
  197  13:05  Zerg Flyer Weapons Level 1  
  190  13:06  Spire  
  189  13:19  Zergling x2, Hydralisk x3  
  190  13:20  Hydralisk  
  176  13:30  Zergling x2  
  176  13:31  Zergling x30  
  176  13:32  Zergling x14  
  144  13:39  Hydralisk x4  
  144  13:40  Hydralisk  
  127  13:42  Hydralisk x3  
  127  13:43  Hydralisk  
  127  13:44  Hydralisk x2  
  139  13:53  Zerg Missile Weapons Level 2  
  139  13:54  Hydralisk x2  
  139  13:55  Hydralisk x3  
  149  14:10  Baneling  
  149  14:11  Baneling x4  
  149  14:12  Drone  
  149  14:13  Drone x3, Extractor x2  
  151  14:17  Drone x3  
  151  14:18  Drone x3  
  151  14:19  Drone x3  
  151  14:22  Viper  
  151  14:23  Viper  
  166  14:25  Viper  
  166  14:27  Viper  
  166  14:28  Hatchery  
  166  14:31  Extractor  
  170  14:32  Zerg Flyer Armor Level 1  
  170  14:33  Extractor  
  170  14:35  Pneumatized Carapace  
  169  14:39  Drone x2  
  169  14:40  Drone x3  
  169  14:41  Drone  
  169  14:42  Drone  
  169  14:44  Drone  
  177  14:48  Drone x2  
  177  14:49  Drone x2  
  175  15:05  Drone x2  
  175  15:06  Drone  
  174  15:16  Greater Spire  
  174  15:25  Overlord x2  
  174  15:42  Overlord x2  
  174  15:52  Corruptor x5  
  174  15:53  Corruptor x4  
  174  15:55  Baneling  
  174  15:56  Baneling x4  
  192  16:03  Hydralisk x2  
  193  16:17  Extractor, Hatchery  
  190  16:20  Extractor  
Show
View Real Time Build Order
Export as new Build Order

Vindicta Terran - Winner!

Build Orders:  

Get SALT Encoding   

  12  0:00  SCV  
  13  0:13  SCV  
  14  0:17  Supply Depot  
  14  0:25  SCV  
  14  0:27  Refinery  
  15  0:38  SCV  
  16  0:45  Barracks  
  16  0:50  SCV  
  17  1:02  SCV  
  18  1:15  SCV  
  20  1:32  Reaper  
  20  1:33  Orbital Command  
  20  1:43  Command Center  
  20  1:54  Ghost Academy  
  20  1:58  SCV  
  21  2:07  Barracks Tech Lab  
  21  2:10  SCV  
  21  2:11  Supply Depot  
  22  2:20  Refinery  
  23  2:28  SCV  
  23  2:32  Ghost  
  25  2:41  SCV  
  26  2:53  SCV  
  26  2:54  Factory  
  26  2:56  Orbital Command  
  27  3:05  SCV  
  28  3:17  SCV, Ghost  
  28  3:18  Refinery  
  31  3:23  SCV  
  32  3:29  SCV  
  32  3:30  Bunker  
  33  3:35  SCV  
  34  3:41  SCV  
  34  3:46  Factory Reactor  
  34  3:47  SCV  
  36  3:53  SCV  
  37  3:59  SCV  
  38  4:03  Ghost  
  38  4:05  SCV  
  41  4:11  SCV  
  41  4:12  Armory  
  41  4:13  Supply Depot  
  41  4:14  Supply Depot  
  42  4:17  SCV  
  42  4:22  Hellion  
  42  4:24  SCV  
  46  4:29  SCV  
  46  4:30  Hellion  
  49  4:33  Ghost  
  49  4:36  SCV  
  49  4:37  Supply Depot  
  52  4:41  Supply Depot  
  52  4:42  SCV  
  52  4:43  Hellion  
  55  4:48  SCV  
  55  4:51  Hellion  
  58  4:54  SCV  
  58  4:59  Terran Vehicle Weapons Level 1  
  59  5:00  SCV  
  59  5:03  Supply Depot  
  59  5:05  Hellion  
  59  5:06  SCV  
  63  5:07  Refinery  
  63  5:10  Ghost  
  63  5:13  SCV, Factory  
  66  5:18  SCV  
  67  5:25  SCV  
  67  5:27  Hellion x2  
  71  5:37  Command Center  
  71  5:48  SCV  
  71  5:49  SCV  
  73  5:51  Hellion x2  
  73  5:54  Marine, Armory  
  73  5:55  Factory  
  78  5:58  Factory Reactor  
  78  6:01  SCV x2  
  80  6:13  SCV  
  80  6:14  SCV  
  80  6:17  Hellion x2  
  78  6:23  Supply Depot  
  78  6:24  Supply Depot  
  78  6:25  SCV  
  75  6:26  SCV  
  76  6:35  Cyclone x2  
  76  6:38  Hellion x2  
  86  6:41  Terran Vehicle And Ship Armor Level 1  
  80  6:57  Thor  
  80  6:58  Orbital Command  
  80  6:59  Cyclone x2  
  92  7:04  SCV  
  91  7:19  SCV  
  98  7:25  Orbital Command  
  98  7:27  Engineering Bay  
  98  7:28  Terran Vehicle Weapons Level 2  
  98  7:33  SCV  
  98  7:34  SCV  
  100  7:40  Thor  
  100  7:42  Infernal Pre-Igniter, Hellion x3  
  100  7:43  Hellion  
  108  7:45  SCV  
  108  7:47  SCV  
  108  7:48  Hellion x6  
  108  7:49  Hellion  
  108  7:50  Barracks Reactor  
  111  7:51  SCV  
  111  7:56  Refinery  
  111  7:57  Starport, SCV, Refinery  
  112  7:59  SCV  
  112  8:03  SCV  
  110  8:09  SCV  
  110  8:11  SCV  
  111  8:13  Hellion  
  111  8:14  Hellion  
  111  8:15  SCV  
  116  8:21  SCV  
  117  8:29  SCV  
  121  8:42  Factory  
  121  8:43  Terran Vehicle And Ship Armor Level 2, SCV  
  121  8:47  SCV  
  121  8:48  Factory Tech Lab, SCV  
  124  8:52  Hellion  
  124  8:53  Hellion, Viking x2  
  129  8:57  SCV  
  129  8:58  Supply Depot  
  129  8:59  Supply Depot  
  129  9:01  Smart Servos  
  129  9:02  Factory  
  130  9:09  Command Center  
  130  9:13  Supply Depot  
  130  9:14  Thor  
  130  9:19  Thor  
  131  9:26  Missile Turret  
  131  9:27  Missile Turret  
  131  9:28  Viking, Missile Turret  
  131  9:29  Viking  
  131  9:30  SCV x2  
  135  9:39  SCV  
  136  9:46  SCV x2  
  136  9:52  SCV, Missile Turret  
  136  9:58  SCV x2, Viking  
  140  10:04  SCV  
  137  10:07  Siege Tank x2  
  137  10:10  SCV  
  137  10:11  SCV  
  137  10:14  Viking  
  147  10:16  Factory Tech Lab, SCV  
  147  10:17  Missile Turret  
  148  10:22  SCV, Missile Turret  
  148  10:23  Missile Turret  
  148  10:26  SCV  
  148  10:28  SCV  
  151  10:34  SCV  
  152  10:35  Siege Tank  
  152  10:38  SCV  
  152  10:39  Siege Tank  
  152  10:40  SCV, Missile Turret  
  160  10:43  Siege Tank, Missile Turret  
  160  10:46  SCV  
  164  10:50  SCV  
  164  10:55  Viking  
  167  10:57  Factory Reactor, Supply Depot  
  167  10:59  Supply Depot, Viking  
  167  11:03  Planetary Fortress  
  167  11:07  Refinery x2  
  167  11:08  Siege Tank  
  167  11:10  Hellion  
  172  11:12  SCV  
  172  11:17  Supply Depot  
  172  11:19  Thor  
  172  11:20  Siege Tank  
  175  11:27  Hellion  
  175  11:32  SCV  
  172  11:40  Siege Tank  
  172  11:41  Hellion  
  172  11:42  Command Center  
  172  11:47  Supply Depot  
  173  11:48  SCV  
  173  11:53  Siege Tank, Hellion  
  152  12:02  Siege Tank, Hellion  
  152  12:06  SCV  
  153  12:12  Siege Tank  
  153  12:14  Hellion  
  158  12:16  Terran Vehicle Weapons Level 3  
  158  12:20  Sensor Tower, Command Center  
  158  12:23  Hellion  
  158  12:25  Siege Tank  
  158  12:29  SCV  
  164  12:33  Factory Reactor  
  164  12:34  Siege Tank  
  164  12:36  Hellion  
  167  12:41  Viking x2  
  172  12:50  Hellion  
  174  12:57  Hellion  
  176  13:02  Siege Tank, Command Center, Refinery  
  176  13:03  SCV  
  176  13:04  Terran Vehicle And Ship Armor Level 3  
  175  13:08  Siege Tank x2, Refinery  
  175  13:10  SCV  
  175  13:11  Viking x2  
  186  13:17  Hellion x2  
  175  13:32  Hellion x2  
  175  13:34  Siege Tank  
  147  13:39  Hellion  
  147  13:40  Siege Tank  
  147  13:41  Viking x2  
  140  13:42  Planetary Fortress  
  140  13:44  SCV x2  
  141  13:50  Hellion  
  141  13:52  Orbital Command  
  141  13:53  Siege Tank  
  144  14:00  Hellion x3  
  144  14:05  Sensor Tower  
  144  14:06  Siege Tank  
  147  14:11  Hellion, Viking  
  147  14:12  Hellion  
  153  14:21  Hellion  
  155  14:29  Thor  
  161  14:31  Hellion x2  
  161  14:33  Hellion x2  
  161  14:34  Hellion  
  161  14:37  Missile Turret  
  161  14:38  Missile Turret  
  169  14:42  Planetary Fortress  
  169  14:44  Viking  
  171  14:47  Hellion, Factory x2  
  171  14:50  Factory  
  171  14:51  Hellion  
  171  14:53  Hellion  
  171  14:58  Viking  
  173  15:00  Siege Tank  
  176  15:12  Hellion x2  
  173  15:14  Viking  
  172  15:27  Missile Turret x2  
  175  15:28  Siege Tank, Missile Turret x2  
  175  15:29  Siege Tank  
  175  15:30  Hellion  
  180  15:38  Viking  
  182  15:44  Viking  
  182  15:45  Siege Tank  
  182  15:46  Factory Tech Lab x2  
  182  15:47  Factory Reactor, Factory Tech Lab  
  187  15:57  Hellion  
  195  16:06  Hellion  
Tags
 
Add a new tag
Caveats
  • Supply blocks, unpowered buildings, or Contaminate may cause inaccurate times.
  • Supply counts are checked every 10 seconds.